 Dungeon Crawl Stone Soup version 0.31-a0-703-gcfe89afef6 (webtiles) character file.

Game seed: 2255250653751051637

1081 arthad the Ruffian (level 8, -1/54 HPs)
             Began as an Octopode Shapeshifter on Sept 8, 2023.
             Was a Follower of Qazlal.
             Slain by an orc
             ... wielding a +0 hand axe
              (6 damage)
             ... on level 5 of the Dungeon.
             The game lasted 00:05:38 (3438 turns).

arthad the Ruffian (Octopode Shapeshifter)          Turns: 3438, Time: 00:05:39

Health: -1/54      AC:  1    Str: 22    XL:     8   Next: 29%
Magic:  8/8        EV: 14    Int: 12    God:    Qazlal [*.....]
Gold:   247        SH:  1    Dex: 11    Spells: 7/7 levels left

rFire   . .          .
                       - Unarmed
rCold   + . .        (no shield)
rNeg    . . .        (helmet currently unavailable)
rPois   .            (no amulet)
rElec   .            d - ring of protection from cold
rCorr   .            j - +6 ring of strength
SInv    .            (no ring)
Will    .....        (no ring)
Stlth   +++          (no ring)
HPRegen 0.29/turn    (no ring)
MPRegen 0.11/turn    (no ring)
                     (no ring)

%: no passive effects
@: beast-form
A: beast (slay +2), almost no armour, amphibious, 8 rings, camouflage 1,
gelatinous body 1, (nimble swimmer 1), tentacles
a: Begin Untransformation, Renounce Religion


You were on level 5 of the Dungeon.
You worshipped Qazlal.
Qazlal was aware of your devotion.
You were a hulking beast.
You visited 2 branches of the dungeon, and saw 6 of its levels.

You collected 247 gold pieces.

Inventory:

Missiles
 p - 5 poisoned darts
 s - 2 darts of dispersal
Jewellery
 d - a ring of protection from cold (left tentacle)
 j - a +6 ring of strength (right tentacle)
Talismans
 b - a beast talisman (active)
 c - a flux talisman
Wands
 u - a wand of flame (26)
Scrolls
 f - a scroll of amnesia
 k - 2 scrolls of fear
 q - 3 scrolls of brand weapon
 t - a scroll of noise
Potions
 a - a potion of lignification
 e - a potion of cancellation {unknown}
 h - a potion of degeneration {unknown}
 l - a potion of enlightenment {unknown}
 m - a potion of might
 n - a potion of brilliance {unknown}
 o - 3 potions of curing {unknown}
 r - a potion of haste {unknown}


   Skills:
 * Level 4.4 Fighting
 * Level 4.7 Dodging
 + Level 4.4 Stealth
 * Level 5.3 Unarmed Combat
 * Level 5.0 Shapeshifting


You had 7 spell levels left.
You didn't know any spells.
Your spell library contained the following spells:

 Spells                   Type           Power      Damage    Failure   Level
 Apportation              Tloc           0%         N/A       32%         1
 Jinxbite                 Hex            0%         N/A       45%         2
 Inner Flame              Hex/Fire       0%         N/A       69%         3
 Alistair's Intoxication  Tmut/Pois      0%         N/A       100%        5
 Yara's Violent Unravell  Hex/Tmut       0%         3d3       100%        5
 Enfeeble                 Hex            0%         N/A       100%        7


Dungeon Overview and Level Annotations

Branches:
Dungeon (5/15)             Temple (1/1) D:4

Altars:
Ashenzari
Cheibriados
Dithmenos
Elyvilon
Fedhas
Gozag
Hepliaklqana
Kikubaaqudgha
Makhleb
Nemelex Xobeh
Okawaru
Qazlal
Ru
Sif Muna
Uskayaw
Vehumet
Xom
Yredelemnul
Zin
The Shining One


Innate Abilities, Weirdness & Mutations

You are a hulking beast.
Your limbs bulge with bestial killing power. (Slay +2)
You cannot wear most types of armour.
You are amphibious.
You can wear up to eight rings at the same time.
Your skin changes colour to match your surroundings (Stealth+).
Your rubbery body absorbs attacks. (AC +1, EV +1)
((You are camouflaged when in or above water. (Stealth+)))
You have tentacles for arms and can constrict up to eight enemies at once.


Message History

You tentacle-slap Menkaure but do no damage.
You squeeze Menkaure.
Menkaure is heavily damaged.
You constrict Menkaure. The adder bites you.
You are poisoned.
The adder poisons you! The adder barely misses you.
You tentacle-slap Menkaure but do no damage.
Menkaure is severely damaged.
You constrict Menkaure.
You feel sick.
Menkaure calls on the powers of darkness!
Your body is wracked with pain!
The adder convulses!
The orc convulses! x3
The adder bites you.
An orc priest comes into view. It is wielding a +0 club.
You bludgeon Menkaure!
You destroy Menkaure!
Qazlal accepts your kill.
You hear the quick rusting of a very distant drain.
You feel sick. The adder misses you.
Your Shapeshifting skill increases to level 5!
You bludgeon the adder!
You kill the adder!
Qazlal accepts your kill.
You feel sick.
An orc comes into view. It is wielding a +0 hand axe.
You barely miss the orc. You grab the orc. You squeeze the orc.
You kill the orc!
Qazlal accepts your kill.
You feel sick.
The orc priest calls down the wrath of Beogh upon you.
Beogh smites you!
* * * LOW HITPOINT WARNING * * *
You feel sick.
You are no longer poisoned.
You block the orc's attack. The orc misses you.
Things that are here:
a +0 short sword; a +0 leather armour You tentacle-slap the orc.
Your grab misses the orc.
The orc is severely wounded.
The orc hits you with a +0 hand axe.
You die...

.....#,..#....#.........#....+,,*
######**+#....#########.#....####
,******,,#..,>#..######.####.....
,,,,,,,,,#...,#....).......#.....
,,,,,,,,,#.o..'....).......'.....
,,,#######...o##############....~
#+##..........................~≈~
...............☼o............~≈≈≈
................h...........~~≈≈~
................o...........~~≈≈P
...........................≈≈≈~P♣
...................#####'#.~≈≈~.P
...................#.......~~≈~PP
....#'#########....#........~≈~~P
....#....#,,,,#....#..##+##.~≈≈≈~
....#....#,,,,'....#..*......~~≈≈
....#....#*,,.#....#.,#.......~~≈


You could see an orc priest and 3 orcs.

Vanquished Creatures
  Sigmund (D:3)
  Menkaure (D:5)
  2 ice beasts (D:5)
  A phantom (D:4)
  2 vampire bats (D:4)
  A hound (D:5)
  A jelly (D:4)
  2 orc priests
  Jessica (D:2)
  2 iguanas
  3 orc wizards (D:5)
  11 adders
  A dart slug (D:3)
  10 orcs
  7 endoplasms
  3 giant cockroaches
  9 goblins
  7 hobgoblins
  3 jackals (D:1)
  5 kobolds
  2 quokkas
  4 ball pythons
  14 bats
  2 frilled lizards
  6 rats
101 creatures vanquished.

Notes
Turn   | Place    | Note
-------+----------+-------------------------------------------
     0 | D:1      | arthad the Octopode Shapeshifter began the quest for the
                  | Orb.
     0 | D:1      | Reached XP level 1. HP: 13/13 MP: 1/1
    67 | D:1      | Reached XP level 2. HP: 13/18 MP: 2/2
   410 | D:1      | Reached skill level 1 in Stealth
   410 | D:1      | Reached XP level 3. HP: 17/23 MP: 3/3
   793 | D:2      | Noticed Jessica
   799 | D:2      | Killed Jessica
   800 | D:2      | Reached XP level 4. HP: 29/29 MP: 4/4
  1698 | D:3      | Reached XP level 5. HP: 33/35 MP: 5/5
  1998 | D:3      | Found an ancient bone altar of Kikubaaqudgha.
  2005 | D:3      | Noticed Sigmund
  2014 | D:3      | Killed Sigmund
  2015 | D:3      | Reached XP level 6. HP: 33/42 MP: 6/6
  2305 | D:4      | Reached XP level 7. HP: 46/46 MP: 7/7
  2336 | D:4      | Found a staircase to the Ecumenical Temple.
  2384 | Temple   | Entered the Ecumenical Temple
  2409 | Temple   | Became a worshipper of Qazlal Stormbringer
  2872 | D:5      | Entered Level 5 of the Dungeon
  2882 | D:5      | Found a blossoming altar of Fedhas.
  3082 | D:5      | Found an opulent altar of Gozag.
  3162 | D:5      | Reached * piety under Qazlal
  3335 | D:5      | Reached skill level 5 in Unarmed Combat
  3362 | D:5      | Reached XP level 8. HP: 54/54 MP: 8/8
  3425 | D:5      | Noticed Menkaure
  3434 | D:5      | Killed Menkaure
  3435 | D:5      | Reached skill level 5 in Shapeshifting
  3438 | D:5      | Slain by an orc

Illustrated notes

Levels and vault maps discovered:
D:1:      lightli_iron_boxes, layout_loops_ring, minmay_split_cup_large
D:2:      layout_loops_cross, uniq_jessica
D:3:      layout_rooms, mainiacjoe_overflow_alcove_4,
          chequers_serial_rivers_room_a, nrook_uturn, uniq_sigmund
D:4:      layout_cave_pools, minmay_temple_entry_arrows, roderic_batcave
D:5:      layout_gridville, fedhas_ov_isle_minmay,
          nicolae_gozag_cash_rules_everything_around_me, portal_sewer_entry_e,
          serial_shops, nicolae_shop_window_shopping, skrybe_limestone_x,
          uniq_menkaure
Temple:   bh_familiar_temple

Skill      XL: |  1  2  3  4  5  6  7  8 |
---------------+-------------------------+-----
Stealth        | 1 2 3 4 |  4.4
Fighting       | 2 3 4 |  4.4
Dodging        | 3 4 |  4.7
Unarmed Combat | 4 5 |  5.3
Shapeshifting  | 4 5 |  5.0

Action                     |  1- 3 |  4- 6 |  7- 9 || total
---------------------------+-------+-------+-------++-------
  Melee: Unarmed           |    53 |    71 |    70 ||   194
         Constrict         |     8 |    15 |    16 ||    39
         Tentacles         |     5 |    15 |    17 ||    37
         Punch             |     1 |     1 |     4 ||     6
    Use: Potion            |     1 |       |     1 ||     2
         Scroll            |       |       |     8 ||     8
   Stab: Sleeping          |     2 |    11 |     5 ||    18
         Distracted        |       |     1 |       ||     1
 Armour: Skin              |    35 |    26 |    37 ||    98
  Dodge: Dodged            |    35 |    27 |    45 ||   107
  Block: Other             |       |       |     2 ||     2

Table legend: (Time is in decaauts)
 A = Elapsed time spent in this place.
 B = Non-inter-level travel time spent in this place.
 C = Inter-level travel time spent in this place.
 D = Time resting spent in this place.
 E = Time spent auto-exploring this place.
 F = Levels seen in this place.
 G = Mean time per level.
                   A        B        C        D        E       F      G
               +--------+--------+--------+--------+--------+-----+--------+
         Total |   3422 |   3219 |    203 |      0 |   2510 |   6 |  570.3 |
       Dungeon |   3372 |   3217 |    155 |      0 |   2510 |   5 |  674.4 |
        Temple |     49 |      1 |     48 |      0 |      0 |   1 |   49.0 |
               +--------+--------+--------+--------+--------+-----+--------+

Top non-repeatable levels by time:
     D:2: 738 daAuts
     D:3: 707 daAuts
     D:4: 706 daAuts
     D:1: 658 daAuts
     D:5: 561 daAuts
  Temple: 49 daAuts
